 Dungeon Crawl Stone Soup version 0.19-a0-1490-g5dd3618 (webtiles) character file.

69090 dvd the Crack Shot (level 14, -4/84 HPs)
             Began as a High Elf Hunter on Sept 8, 2016.
             Was the Champion of Hepliaklqana.
             Slain by a sun demon (14 damage)
             ... summoned by an orc high priest
             ... on level 2 of the Orcish Mines on Sept 9, 2016.
             The game lasted 02:10:12 (23946 turns).

dvd the Crack Shot (High Elf Hunter)               Turns: 23946, Time: 02:10:15

Health: -4/84      AC: 19    Str: 11    XL:     14   Next: 89%
Magic:  0/25       EV: 20    Int: 16    God:    Hepliaklqana [******]
Gold:   1367       SH:  0    Dex: 19    Spells: 2 memorised, 24 levels left

rFire  . . .     SeeInvis +     c - +2 demon blade (venom)
rCold  . . .     Gourm    .     A - +3 leather armour {MR+}
rNeg   . . .     Faith    .     (no shield)
rPois  +         Spirit   +     K - +2 hat {Spirit}
rElec  .         Dismiss  .     w - +2 cloak {MR+}
rCorr  +         Reflect  .     o - +2 pair of gloves
MR     +++..     Harm     .     O - +3 pair of boots "Niak" {rCorr Str-4 Int+2 Stlth+}
Stlth  ++++......               M - amulet of regeneration
                                k - ring of poison resistance
                                j - ring of see invisible

@: about to teleport, drained
A: no striking features
a: Recall Ancestor, Ancestor Identity, Transference, Idealise, Renounce Religion


You were on level 2 of the Orcish Mines.
You worshipped Hepliaklqana.
Hepliaklqana was exalted by your worship.
You were hungry.

You visited 4 branches of the dungeon, and saw 21 of its levels.
You also visited: Labyrinth and Ice Cave.

You collected 1758 gold pieces.
You spent 391 gold pieces at shops.

Inventory:

Hand Weapons
 a - a +0 longbow
 b - a +7 scimitar of flaming
 c - a +2 demon blade of venom (weapon)
 l - a +4 dagger of chaos
 m - a +2 shortbow
 G - a +2 falchion of holy wrath
Missiles
 d - 112 arrows
Armour
 o - a +2 pair of gloves (worn)
 w - a +2 cloak of magic resistance (worn)
 A - a +3 leather armour of magic resistance (worn)
 K - a +2 hat of spirit shield (worn)
 O - the +3 pair of boots "Niak" (worn) {rCorr Str-4 Int+2 Stlth+}
   (You bought it in a shop on level 8 of the Dungeon)

   It affects your strength (-4).
   It affects your intelligence (+2).
   It protects you from acid and corrosion.
   It makes you more stealthy.
Jewellery
 i - an uncursed ring of wizardry
 j - a ring of see invisible (left hand)
 k - a ring of poison resistance (right hand)
 r - a +4 ring of protection
 C - an uncursed ring of protection from cold
 F - a +3 ring of evasion
 J - the amulet "Licewaics" {Dismiss Str+4 Dex-3 Stlth+}
   (You found it in a labyrinth)

   [amulet of dismissal]

   It may teleport away creatures that harm you.
   It affects your strength (+4).
   It affects your dexterity (-3).
   It makes you more stealthy.
 M - an amulet of regeneration (around neck)
 N - a +2 amulet of reflection
Wands
 n - a wand of acid (8/15)
 q - a wand of flame (27/48)
 s - a wand of confusion (5/48)
 B - a wand of paralysis (15/24)
 D - a wand of acid (4/15)
 P - a wand of digging (15/24)
 U - a wand of iceblast (8/15)
 V - a wand of disintegration (4/24)
Scrolls
 e - 3 scrolls of teleportation
 g - 4 scrolls of recharging
 h - 15 scrolls of identify
 p - 7 scrolls of remove curse
 x - 6 scrolls of amnesia
 W - 2 scrolls of silence
 X - 3 scrolls of enchant armour
Potions
 z - 2 potions of flight
 I - a potion of curing
 L - a potion of invisibility
 Q - a potion of resistance
 S - a potion of brilliance
Comestibles
 f - 5 bread rations
 u - 26 fruits
 v - 7 meat rations
 E - 7 chunks of flesh


   Skills:
 + Level 8.1(7.9) Fighting
 + Level 4.0(9.3) Short Blades
 * Level 13.0 Long Blades
 + Level 21.7(21.5) Bows
 + Level 5.2(5.1) Armour
 + Level 10.4(10.2) Dodging
 + Level 5.8(5.6) Stealth
 + Level 7.1(7.0) Spellcasting
 + Level 1.1(1.0) Summonings
 + Level 0.4(0.2) Evocations


You had 24 spell levels left.
You knew the following spells:

 Your Spells              Type           Power        Failure   Level  Hunger
a - Flame Tongue          Conj/Fire      #....        17%         1    None
b - Call Imp              Summ           #.......     17%         2    None


Dungeon Overview and Level Annotations

Branches:
Dungeon (12/15)            Temple (1/1) D:7            Lair (6/6) D:10
 Shoals (0/4) Lair:4        Snake (0/4) Lair:4        Slime (0/5) Lair:5
    Orc (2/2) D:9
    Elf: Orc:2

Altars:
Ashenzari
Cheibriados
Dithmenos
Elyvilon
Fedhas
Gozag
Hepliaklqana
Kikubaaqudgha
Makhleb
Nemelex Xobeh
Okawaru
Qazlal
Ru
Sif Muna
Trog
Uskayaw
Vehumet
Xom
Yredelemnul
Zin
The Shining One
Jiyva

Shops:
D:4 }(   D:6 =   D:8 *=?*   D:9 *   Orc:1 [   Orc:2 *

Portals:
Hell: Lair:6

Annotations:
Lair:5 Rupert


Message History

The orc knight is lightly wounded.
As you read the scroll of teleportation, it crumbles to dust.
You feel strangely unstable.
You kill the orc warrior!
The sun demon hits you!
* * * LOW HITPOINT WARNING * * *
You are engulfed in flames!
* * * LOW HITPOINT WARNING * * *
The orc high priest hits Wilfreda but does no damage.
The orc sorcerer barely misses you.
You riposte.
You barely miss the orc sorcerer.
The orc sorcerer is severely wounded.
Wilfreda hits the orc high priest with a quarterstaff!
The orc high priest starts to sing a prayer.
The orc high priest closely misses you.
The orc knight hits you but does no damage.
The sun demon hits you.
* * * LOW HITPOINT WARNING * * *
You are engulfed in flames!!
You die...

####..## #...###
##....## # ##
####....# #.##.#
##.###..##
......##.......#
$......##......#
......()#o(...#....
.....(33@R4...##.#..
......(o#oo....###
#.........4.(.##
........(o..###
............#
.............
..............
...............


You could see the friendly Wilfreda the battlemage, an orc knight, 2 orc high
priests, a sun demon, a hellwing, a smoke demon, an orc sorcerer, a red devil
and an orc warrior.

Vanquished Creatures
  An orc warlord (Orc:2)
  Azrael (Orc:2)
  6 hydras
  Josephine (D:12)
  Erica (D:8)
  A centaur warrior (D:11)
  5 death yaks
  An orc high priest (Orc:2)
  A wizard (Lair:6)
  4 hill giants
  An orc knight (Orc:1)
  2 orc sorcerers
  3 ugly things
  7 elephants
  5 black mambas
  2 orange demons (Lair:6)
  6 spiny frogs
  Psyche (D:8)
  3 rime drakes
  A kobold demonologist (D:12)
  3 komodo dragons
  A hellwing (Lair:6)
  2 ice devils (Lair:6)
  A polar bear (Lair:3)
  2 red devils (Lair:6)
  3 trolls
  16 blink frogs
  Prince Ribbit (D:9)
  Grinder (D:4)
  3 boulder beetles
  16 yaks
  2 wraiths (D:12)
  A wyvern (Lair:2)
  Eustachio (D:6)
  A hungry ghost (D:8)
  6 basilisks
  7 hippogriffs
  4 hell hounds
  9 water moccasins
  3 porcupines
  5 ice beasts
  A phantom (D:6)
  9 orc warriors
  A sky beast (D:6)
  A black bear (Lair:1)
  3 wasps
  4 necrophages (D:6)
  11 wolves
  4 ogres
  3 centaurs
  2 crocodiles (Lair:3)
  5 big kobolds
  A gnoll sergeant (D:11)
  9 giant frogs
  An elf skeleton (D:4)
  2 scorpions
  4 killer bees (D:12)
  An electric eel (Lair:3)
  2 howler monkeys
  7 wights
  A vampire bat (Lair:5)
  A giant frog zombie (D:10)
  2 human zombies (D:4)
  4 centaur zombies
  9 crimson imps
  12 orc wizards
  A centaur skeleton (D:5)
  Crazy Yiuf (D:7)
  4 hounds
  10 iguanas
  2 giant frog skeletons
  A human skeleton (D:4)
  9 orc priests
  Natasha (thrice) (D:4)
  Terence (D:3)
  6 hell rats
  6 worker ants
  A hound zombie (D:6)
  Robin (D:2)
  7 gnolls
  4 adders
  39 river rats
  4 shadow imps
  A white imp (D:12)
  2 oozes
  2 adder skeletons
  5 worms
  4 giant geckos
  33 orcs
  11 giant cockroaches
  11 goblins
  12 hobgoblins
  3 jackals (D:7)
  27 kobolds
  3 quokkas
  2 ball pythons
  18 bats
  A giant gecko skeleton (D:5)
  A giant gecko zombie (D:6)
  5 giant newts
  A jackal zombie (D:6)
  2 orc skeletons (D:4)
  2 quokka skeletons (D:4)
  2 quokka zombies
  5 rats
  2 fungi (Lair:6)
  2 plants (D:1)
498 creatures vanquished.

Vanquished Creatures (collateral kills)
  Gastronok (D:9)
  A minotaur (Lab)
  Harold (Lair:3)
  3 hydras
  2 death yaks
  Nergalle (D:11)
  A sixfirhy (Lair:6)
  2 griffons (Lair:3)
  2 ugly things
  An elephant (Lair:6)
  Joseph (D:8)
  A centaur zombie (D:12)
  Maurice (D:10)
  2 black mambas
  A siren (Lair:4)
  A smoke demon (Lair:6)
  A torpor snail (Lair:2)
  A spiny frog (Lair:6)
  A rime drake (Lair:6)
  2 komodo dragons
  An ice devil (Lair:6)
  A red devil (Lair:6)
  A polar bear (Lair:6)
  3 trolls
  13 blink frogs
  6 yaks
  2 wraiths (D:12)
  A wyvern (Lair:4)
  4 hippogriffs
  Grum (D:10)
  A hungry ghost (D:9)
  Edmund (D:4)
  6 water moccasins
  2 porcupines
  3 hell hounds
  5 ice beasts
  2 ogres
  A wasp (D:11)
  2 necrophages
  A centaur (D:7)
  12 wolves
  4 crocodiles
  5 giant frogs
  A wyvern zombie (D:10)
  A gnoll sergeant (D:10)
  2 wights (D:10)
  3 crimson imps
  A hound (D:10)
  2 orc priests
  A jelly (D:11)
  6 orc wizards
  A giant frog skeleton (D:11)
  3 iguanas
  2 worker ants (D:11)
  4 gnolls
  21 river rats
  An adder skeleton (D:4)
  6 orcs
  2 bats (Lair:5)
  2 kobolds
  A fungus (D:7)
  2 plants
167 creatures vanquished.

Vanquished Creatures (others)
  An ancestor (D:8)
  15 battlemagi
  A bush (D:6)
  10 fungi
  6 plants
33 creatures vanquished.

Grand Total: 698 creatures vanquished

Notes
Turn   | Place    | Note
-------+----------+-------------------------------------------
     0 | D:1      | dvd the High Elf Hunter began the quest for the Orb.
     0 | D:1      | Reached XP level 1. HP: 14/14 MP: 2/2
   123 | D:1      | Reached XP level 2. HP: 19/19 MP: 3/3
   866 | D:2      | Noticed Robin
   903 | D:1      | Reached skill level 6 in Bows
   903 | D:1      | Reached XP level 3. HP: 22/24 MP: 4/4
   978 | D:1      | Reached skill level 1 in Armour
  1692 | D:1      | Found a shimmering altar of Xom.
  2338 | D:2      | Killed Robin
  2338 | D:2      | Reached XP level 4. HP: 22/29 MP: 5/5
  2553 | D:3      | Reached skill level 1 in Short Blades
  2962 | D:3      | Noticed Terence
  2978 | D:3      | Killed Terence
  2978 | D:3      | Reached XP level 5. HP: 29/34 MP: 6/6
  3011 | D:3      | Found a shimmering altar of Xom.
  3131 | D:4      | Noticed Edmund
  3211 | D:5      | Entered Level 5 of the Dungeon
  3211 | D:5      | Noticed a centaur
  3214 | D:5      | Killed a centaur
  3214 | D:5      | Reached skill level 7 in Bows
  3584 | D:4      | Found Ruffag's Weapon Shoppe.
  3592 | D:4      | Reached skill level 8 in Bows
  3630 | D:4      | Reached XP level 6. HP: 36/39 MP: 7/7
  3637 | D:4      | Noticed Grinder
  3645 | D:4      | Paralysed by Grinder for 4 turns
  3655 | D:4      | Killed Grinder
  3655 | D:4      | Reached skill level 9 in Bows
  3770 | D:4      | Found Ijotio's Gadget Emporium.
  3820 | D:4      | Noticed Natasha
  3837 | D:4      | Reached XP level 7. HP: 32/45 MP: 8/8
  3844 | D:4      | Killed Natasha
  4319 | D:4      | Reached skill level 1 in Long Blades
  4647 | D:4      | Noticed Natasha
  4649 | D:4      | Killed Natasha
  4649 | D:4      | Reached skill level 10 in Bows
  5359 | D:6      | Noticed Eustachio
  5409 | D:6      | Found Waxiadod's Jewellery Emporium.
  5686 | D:6      | Found a blossoming altar of Fedhas.
  5710 | D:6      | Killed Eustachio
  5710 | D:6      | Reached skill level 11 in Bows
  5710 | D:6      | Reached XP level 8. HP: 15/51 MP: 9/9
  6282 | D:6      | Reached skill level 12 in Bows
  6282 | D:6      | Reached skill level 5 in Dodging
  6749 | D:6      | Reached XP level 9. HP: 45/56 MP: 10/10
  7067 | D:7      | Found a staircase to the Ecumenical Temple.
  7079 | D:7      | Reached skill level 13 in Bows
  7109 | Temple   | Entered the Ecumenical Temple
  7214 | Temple   | Became a worshipper of Hepliaklqana
  8082 | D:7      | Found a runed door.
  8086 | D:7      | Noticed Crazy Yiuf
  8090 | D:7      | Killed Crazy Yiuf
  8204 | D:4      | Noticed Natasha
  8324 | D:4      | Killed Natasha
  8357 | D:4      | Killed Edmund
  8357 | D:4      | Reached skill level 14 in Bows
  8521 | D:8      | Found a sparkling altar of Nemelex Xobeh.
  8530 | D:8      | Found Yvatilell's Assorted Antiques.
  8577 | D:8      | Learned a level 1 spell: Flame Tongue
  8606 | D:8      | Noticed Psyche
  8626 | D:8      | Killed Psyche
  8675 | D:8      | Found Zasaazar's Magic Scroll Shop.
  8775 | D:8      | Found Lisydeni's Assorted Antiques.
  8779 | D:8      | Reached * piety under Hepliaklqana
  8782 | D:8      | Bought a pair of slimy boots for 256 gold pieces
  8787 | D:8      | Identified the +3 pair of boots "Niak" {rCorr Str-4 Int+2 Stlth+} (You bought it in a shop on level 8 of the Dungeon)
  8950 | D:8      | Noticed Joseph
  9115 | D:8      | Killed Joseph
  9115 | D:8      | Reached skill level 15 in Bows
  9115 | D:8      | Reached XP level 10. HP: 33/55 MP: 11/11
  9474 | D:8      | Found Buocoecu's Jewellery Shoppe.
  9591 | D:8      | Noticed Erica
 10053 | D:8      | Killed Erica
 10181 | D:8      | Found an opulent altar of Gozag.
 10182 | D:8      | Found an iron altar of Okawaru.
 10295 | D:9      | Found a shattered altar of Ashenzari.
 10340 | D:9      | Noticed Gastronok
 10368 | D:9      | Killed Gastronok
 10368 | D:9      | Reached skill level 16 in Bows
 10670 | D:9      | Found Zebar Egebe's General Store.
 10794 | D:9      | Gained mutation: Armour fits poorly on your strangely shaped body. [potion of mutation]
 10794 | D:9      | Gained mutation: You are partially covered in large bone plates. (SH +4) [potion of mutation]
 10794 | D:9      | Gained mutation: You have a pair of small antennae on your head. [potion of mutation]
 10923 | D:9      | Reached XP level 11. HP: 63/63 MP: 10/12
 10991 | D:9      | Found a staircase to the Orcish Mines.
 11062 | D:9      | Noticed Prince Ribbit
 11067 | D:9      | Killed Prince Ribbit
 11129 | D:10     | Entered Level 10 of the Dungeon
 11135 | D:10     | Reached ** piety under Hepliaklqana
 11136 | D:10     | Remembered your ancestor Wilfreda as a battlemage
 11227 | D:10     | Noticed a hill giant
 11244 | D:10     | Killed a hill giant
 11398 | D:10     | Reached skill level 17 in Bows
 11643 | D:10     | Reached skill level 1 in Spellcasting
 11682 | D:10     | Noticed Grum
 11695 | D:10     | Killed Grum
 11800 | D:10     | Noticed Maurice
 11812 | D:10     | Killed Maurice
 11812 | D:10     | Reached skill level 5 in Long Blades
 11902 | D:10     | Reached *** piety under Hepliaklqana
 11930 | D:10     | Found a staircase to the Lair.
 12133 | D:11     | Noticed a hill giant
 12191 | D:10     | Killed a hill giant
 12353 | D:11     | Noticed a hill giant
 12368 | D:11     | Killed a hill giant
 12596 | D:11     | Noticed a centaur warrior
 12610 | D:11     | Killed a centaur warrior
 12688 | D:11     | Reached **** piety under Hepliaklqana
 12733 | D:11     | Noticed a cyan ugly thing
 12741 | D:11     | Killed a cyan ugly thing
 12741 | D:11     | Reached skill level 5 in Fighting
 12901 | D:11     | Reached skill level 18 in Bows
 12943 | D:11     | Noticed Nergalle
 12955 | D:11     | Killed Nergalle
 13615 | Lair:1   | Entered Level 1 of the Lair of Beasts
 13770 | Lair:1   | Found a frozen archway.
 13793 | IceCv    | Entered an ice cave
 13793 | IceCv    | Noticed a white ugly thing
 13797 | IceCv    | Reached XP level 12. HP: 69/69 MP: 18/18
 13962 | Lair:1   | HP: 2/69 [white ugly thing (6)]
 13969 | Lair:1   | Reached ***** piety under Hepliaklqana
 14903 | Lair:2   | Found a labyrinth entrance.
 14911 | Lair:2   | Reached skill level 19 in Bows
 14913 | Lab      | Entered a labyrinth
 15597 | Lab      | Noticed a minotaur
 15609 | Lab      | Killed a minotaur
 15615 | Lab      | Got a sparkling tin amulet
 15619 | Lab      | Identified a +5 rod of shadows (10/10) (You found it in a labyrinth)
 15621 | Lab      | Identified the amulet "Licewaics" {Dismiss Str+4 Dex-3 Stlth+} (You found it in a labyrinth)
 15955 | Lair:2   | Reached skill level 5 in Spellcasting
 16437 | Lair:2   | Noticed a death yak
 16444 | Lair:2   | Killed a death yak
 16447 | Lair:2   | Noticed a death yak
 16448 | Lair:2   | Noticed a death yak
 16448 | Lair:2   | Noticed a death yak
 16456 | Lair:2   | Killed a death yak
 16464 | Lair:2   | Killed a death yak
 16480 | Lair:2   | Killed a death yak
 16788 | Lair:3   | Reached ****** piety under Hepliaklqana
 16795 | Lair:3   | Noticed an eight-headed hydra
 16806 | Lair:3   | Killed a five-headed hydra
 16931 | Lair:3   | Reached XP level 13. HP: 67/74 MP: 20/23
 17255 | Lair:3   | Reached skill level 20 in Bows
 17553 | Lair:3   | Reached skill level 5 in Stealth
 17725 | Lair:3   | Noticed Harold
 17736 | Lair:3   | Killed Harold
 18358 | Lair:4   | Reached skill level 10 in Long Blades
 18446 | Lair:4   | Found a staircase to the Snake Pit.
 19062 | Lair:4   | Found a staircase to the Shoals.
 19171 | Lair:5   | Found a staircase to the Slime Pits.
 19171 | Lair:5   | Found a viscous altar of Jiyva.
 19619 | Lair:5   | Noticed Rupert
 20283 | Lair:6   | Entered Level 6 of the Lair of Beasts
 20676 | Lair:6   | Reached XP level 14. HP: 70/82 MP: 19/25
 20836 | Lair:6   | Lost mutation: Armour fits poorly on your strangely shaped body. [potion of cure mutation]
 20836 | Lair:6   | Lost mutation: You are partially covered in large bone plates. (SH +4) [potion of cure mutation]
 20836 | Lair:6   | Lost mutation: You have a pair of small antennae on your head. [potion of cure mutation]
 20931 | Lair:6   | Reached skill level 21 in Bows
 20964 | Lair:6   | Reached skill level 5 in Armour
 21210 | Lair:6   | Found a burning altar of Makhleb.
 21343 | Lair:6   | Found a gateway to Hell.
 21385 | Lair:6   | Reached skill level 10 in Dodging
 22363 | D:12     | Noticed Josephine
 22375 | D:12     | Killed Josephine
 23105 | Orc:1    | Entered Level 1 of the Orcish Mines
 23127 | Orc:1    | Found a bloodstained altar of Trog.
 23218 | Orc:1    | Found Naurekypp's Antique Armour Emporium.
 23229 | Orc:1    | Bought a pair of glowing gloves for 135 gold pieces
 23263 | Orc:1    | Learned a level 2 spell: Call Imp
 23470 | Orc:2    | Entered Level 2 of the Orcish Mines
 23470 | Orc:2    | Found Kebeow's General Store.
 23470 | Orc:2    | Noticed an orc warlord
 23639 | Orc:2    | Noticed Azrael
 23645 | Orc:2    | Killed Azrael
 23645 | Orc:2    | Reached skill level 1 in Summonings
 23846 | Orc:2    | Killed an orc warlord
 23946 | Orc:2    | Slain by a sun demon

Vault maps used:
D:1:      dpeg_arrival_lava_altar, hangedman_decor_lopped,
          serial_bayou_lagoon_a, minmay_tiny_reverse_x
D:2:      kennysheep_nondescript, uniq_robin
D:3:      lemuel_coloured_pillars_altar, glass_columns_a, uniq_terence
D:4:      serial_shops, nicolae_shop_stone, shop, portal_sewer_entry_b,
          serial_curves, eino_curves_02, eino_curves_02, eino_curves_04,
          nicolae_ossuary_entry_catacombs, uniq_grinder, uniq_edmund,
          uniq_natasha
D:5:      first_bread
D:6:      serial_shops, nicolae_shop_stone, fedhas_altar_decomposition,
          uniq_eustachio
D:7:      uniq_crazy_yiuf_cottage
D:8:      lemuel_crystal_altar, gammafunk_temple_overflow_statue, serial_shops,
          shop, shop_statue, shop, shop, blue_anna_alchemist,
          kennysheep_small_circle, uniq_joseph, uniq_erica, uniq_psyche
D:9:      kennysheep_mini_moat, orc_0_dummy, serial_shops, shop,
          uniq_prince_ribbit1, uniq_gastronok
D:10:     lair_0_dummy, uniq_maurice, uniq_grum
D:11:     uniq_nergalle
D:12:     minmay_fire_ice_demons, uniq_josephine
Temple:   eino_temple_rhombus
Lair:1:   portal_ice_cave_entry_pillars_1
Lair:2:   lab_entry_generic, enter_volcano_3, infiniplex_staircase_pool_2,
          grunt_megastairs_3
Lair:3:   boulder_dual_corridor_run, minmay_holes, grunt_megastairs_1,
          infiniplex_staircase_pool, uniq_harold
Lair:4:   minmay_shoals_entry_lonely_mermaid, dummy_snake_entry
Lair:5:   slime_altar_1, grunt_forest_small_clearings, roderic_batcave,
          uniq_rupert
Lair:6:   evil_forest, serial_bayou_shore_b, grunt_megastairs_5
Orc:1:    serial_shops, shop, shop_statue, bloody_trog
Orc:2:    grunt_orc_gardens, grunt_orc_garden, grunt_orc_garden,
          grunt_orc_garden, grunt_orc_garden, serial_shops, shop, uniq_azrael
IceCv:    ice_cave_statue_garden_teleport

Skill      XL: |  1  2  3  4  5  6  7  8  9 10 11 12 13 14 |
---------------+-------------------------------------------+-----
Bows           | 6 8 9 11 12 15 16 18 19 20 21 | 21.7
Armour         | 1 2 3 4 5 |  5.2
Dodging        | 3 4 5 6 7 8 9 10 | 10.4
Short Blades   | 1 2 3 4 |  4.0
Long Blades    | 1 2 4 6 8 11 13 | 13.0
Fighting       | 3 4 5 7 8 |  8.1
Stealth        | 2 3 4 5 |  5.8
Spellcasting   | 3 6 7 |  7.1
Summonings     | 1 |  1.1
Evocations     | |  0.4

Action                   |  1- 3 |  4- 6 |  7- 9 | 10-12 | 13-15 || total
-------------------------+-------+-------+-------+-------+-------++-------
Melee: Short sword       |   382 |       |       |       |       ||   382
       Falchion          |       |    33 |   198 |       |       ||   231
       Rapier            |       |       |    61 |       |       ||    61
       Dagger            |       |       |    31 |    24 |     2 ||    57
       Scimitar          |       |       |       |   234 |   493 ||   727
       Demon blade       |       |       |       |       |   129 ||   129
 Fire: Shortbow          |    88 |   127 |   414 |   288 |       ||   917
       Longbow           |       |       |       |   228 |   453 ||   681
 Cast: Call Imp          |       |       |       |       |     5 ||     5
Invok: Recall Ancestor   |       |       |     3 |     3 |     4 ||    10
       Ancestor Identity |       |       |     1 |       |       ||     1
       Ancestor Life: Ba |       |       |       |     1 |       ||     1
Evoke: Wand              |       |       |     1 |     3 |     2 ||     6
  Use: Scroll            |     1 |     1 |    16 |    20 |     7 ||    45
       Potion            |       |     2 |     4 |     7 |     5 ||    18
 Stab: Sleeping          |     1 |       |     1 |       |     8 ||    10
       Confused          |       |       |     1 |       |       ||     1
       Paralysed         |       |       |     1 |       |       ||     1
       Distracted        |       |       |       |     5 |     8 ||    13
       Invisible         |       |       |       |       |     4 ||     4
  Eat: Chunk             |     4 |     4 |    17 |    19 |    18 ||    62
       Pizza             |     1 |       |       |     3 |     1 ||     5
       Fruit             |       |       |       |     3 |       ||     3
       Royal jelly       |       |       |       |       |     1 ||     1
Armor: Leather armour    |    22 |     4 |    30 |    87 |   134 ||   277
       Scale mail        |       |    11 |    59 |       |       ||    70
       Skin              |       |       |     1 |       |       ||     1
Dodge: Dodged            |    84 |    40 |   219 |   193 |   480 ||  1016
Block: Other             |       |       |       |    39 |    50 ||    89
